 Dungeon Crawl Stone Soup version 0.29.1-15-g9cfb28693d (webtiles) character file.

Game seed: 13273758424035933846

27145 Anriel the Nimble (level 12, -2/81 HPs)
             Began as a Demigod Fire Elementalist on Mar 30, 2023.
             Shot with a bolt by a yaktaur (30 damage)
             ... on level 13 of the Dungeon.
             The game lasted 01:46:46 (15084 turns).

Anriel the Nimble (Demigod Fire Elementalist)      Turns: 15084, Time: 01:46:47

Health: -2/81      AC: 10    Str:  9    XL:     12   Next: 66%
Magic:  22/30      EV: 19    Int: 35    God:
Gold:   810        SH:  0    Dex: 18    Spells: 12/31 levels left

rFire   . . .      SeeInvis .   k - staff of conjuration
rCold   . . .      Faith    .   (no shield)
rNeg    . . .      Spirit   .   y - +2 robe {Archmagi}
rPois   +          Reflect  .   t - +0 helmet
rElec   .          Harm     .   z - +1 cloak {rPois}
rCorr   .          Rampage  .   a - +2 pair of gloves
Will    ++...      Archmagi +   (no boots)
Stlth   ++........              p - amulet of regeneration
HPRegen 1.03/turn               o - ring of willpower
MPRegen 0.22/turn               D - +6 ring of intelligence

@: no status effects
A: high MP 1, forlorn, divine attributes
a: no special abilities


You were on level 13 of the Dungeon.
You visited 2 branches of the dungeon, and saw 14 of its levels.
You also visited: Sewer.

You collected 942 gold pieces.
You spent 132 gold pieces at shops.

Inventory:

Hand Weapons
 c - a +1 rapier of protection
 O - a +4 rapier of draining
 U - the +9 staff of Olgreb {rPois∞}
   (You found it on level 12 of the Dungeon)

   If the wielder is skilled in Evocations, they can envenom those struck by it,
   dealing poison damage which bypasses armour.
   It enhances your poison magic.
   It grants immunity to poison.
   It can be activated via the 'a'bility menu to radiate toxic energy, with
   effectiveness depending on Evocations skill.
Armour
 a - a +2 pair of gloves (worn)
 g - the +0 ring mail of Kehomups {-Tele rPois rN+ Will+}
   (You found it on level 1 of the Dungeon)

   rPois:     It protects you from poison.
   rN:        It protects you from negative energy.
   -Tele:     It prevents most forms of teleportation.
   Will:      It increases your willpower.
 h - a +0 robe
 m - the +1 helmet of Taaqin Ponoi {rC+}
   (You found it on level 7 of the Dungeon)

   rC:        It protects you from cold.
 s - +0 fire dragon scales
 t - a +0 helmet (worn)
 y - a +2 robe of the Archmagi (worn)
 z - a +1 cloak of poison resistance (worn)
 A - +0 steam dragon scales
Magical Staves
 f - a staff of cold
 j - a staff of earth
 k - a staff of conjuration (weapon)
Jewellery
 e - a ring of magical power
 o - a ring of willpower (left hand)
 p - an amulet of regeneration (around neck)
 u - a ring of resist corrosion
 C - a +6 ring of dexterity
 D - a +6 ring of intelligence (right hand)
 M - the ring "Necuut" {rF++ rC- AC+4 Dex+3}
   (You took it off a deep elf pyromancer on level 7 of the Dungeon)

   [ring of protection]

   AC:        It affects your AC (+4).
   Dex:       It affects your dexterity (+3).
   rF:        It greatly protects you from fire.
   rC:        It makes you vulnerable to cold.
Wands
 l - a wand of charming (16)
 v - a wand of iceblast (10)
 w - a wand of flame (37)
 H - a wand of digging (15)
 N - a wand of mindburst (17)
 R - a wand of polymorph (5)
 V - a wand of light (6)
Scrolls
 r - 4 scrolls of teleportation
 I - a scroll of fear
 P - a scroll of identify
 Q - a scroll of magic mapping
 S - a scroll of vulnerability
 W - a scroll of amnesia
Potions
 d - 4 potions of attraction
 i - a potion of brilliance
 n - 2 potions of mutation
 q - a potion of ambrosia
 x - 2 potions of might
 B - 4 potions of curing
 E - a potion of berserk rage
 F - 2 potions of haste
 G - 2 potions of heal wounds
 K - a potion of resistance
 L - a potion of cancellation
 T - a potion of flight
Miscellaneous
 J - a phial of floods


   Skills:
 - Level 5.0 Short Blades
 * Level 11.2 Dodging
 - Level 1.7 Stealth
 - Level 10.0 Spellcasting
 + Level 8.6 Conjurations
 * Level 10.0 Fire Magic


You had 12 spell levels left.
You knew the following spells:

 Your Spells              Type           Power      Damage    Failure   Level
a - Foxfire               Conj/Fire      100%       2x1d9     1%          1
b - Scorch                Fire           100%       2d10      1%          2
c - Conjure Flame         Conj/Fire      100%       6-21      1%          3
d - Inner Flame           Hex/Fire       68%        N/A       1%          3
e - Flame Wave            Conj/Fire      100%       2d21      1%          4
f - Starburst             Conj/Fire      56%        6d15      9%          6

Your spell library contained the following spells:

 Spells                   Type           Power      Damage    Failure   Level
 Dazzling Flash           Conj/Hex       100%       N/A       1%          3
 Apportation              Tloc           52%        N/A       2%          1
 Beastly Appendage        Tmut           52%        N/A       2%          1
 Necrotise                Necr           100%       1d9       2%          1
 Slow                     Hex            100%       N/A       2%          1
 Summon Small Mammal      Summ           100%       N/A       2%          1
 Wereblood                Tmut           26%        N/A       3%          2
 Iskenderun's Mystic Bla  Conj/Tloc      82%        2d16      4%          4
 Call Canine Familiar     Summ           26%        N/A       8%          3
 Confusing Touch          Hex            26%        N/A       8%          3
 Spider Form              Tmut/Pois      26%        N/A       8%          3
 Summon Guardian Golem    Hex/Summ       26%        N/A       8%          3
 Vampiric Draining        Necr           26%        2d7       8%          3
 Irradiate                Conj/Tmut      41%        3d25      12%         5
 Corpse Rot               Necr/Pois/Air  26%        N/A       24%         4
 Dispel Undead            Necr           26%        3d13      24%         4
 Agony                    Necr           26%        N/A       56%         5
 Blade Hands              Tmut           13%        N/A       56%         5
 Death Channel            Necr           13%        N/A       98%         6
 Dragon Form              Tmut           13%        N/A       100%        7


Dungeon Overview and Level Annotations

Branches:
Dungeon (13/15)            Temple (1/1) D:7            Lair (0/5) D:11
    Orc (0/2) D:12          Sewer (visited)
 Vaults: D:13-14

Shops:
D:8 *

Portals:
Trove: D:10 (give 14 potions of curing)


Innate Abilities, Weirdness & Mutations

You have an increased reservoir of magic. (+10% MP)
You shall have no god before yourself.
Your divine heritage dramatically boosts your attributes as you level up.


Message History

The bolt of fire hits the kobold demonologist!!!
The kobold demonologist is burned terribly!
You kill the kobold demonologist!
The iron imp disappears in a puff of smoke!
The crimson imp disappears in a puff of smoke!
The iron imp disappears in a puff of smoke!
You start resting.
HP restored.
Things that are here:
a +0 dagger; a +0 robe; a kobold corpse You now have 810 gold pieces (gained 13).
Items here: )) [ †.
Okay, then.
Things that are here:
a +0 giant club; a +0 glaive; a +0 plate armour
Okay, then.
Things that are here:
a +0 arbalest; a yaktaur corpse You see here a +0 longbow.
A yaktaur comes into view.
Things that are here:
a +0 giant club; a +0 dire flail A yaktaur and an orc come into view.
The orc is wielding a +2 flail of holy wrath.
The yaktaur shouts!
The orc shouts!
Things that are here:
a +0 giant spiked club; an ogre corpse
Casting: Starburst (dangerous; 9% risk of failure)
Confirm with . or Enter, or press ? or * to list all spells.
You feel a surge of power!
Flames lash the yaktaur.
The yaktaur is lightly wounded.
The yaktaur's fire resistance burns away.
The yaktaur shouts!
You hear a shout!
The yaktaur wields a +2 arbalest of flaming.
It bursts into flame!
The yaktaur shoots a bolt.
The bolt hits you!! The bolt burns you.
The yaktaur wields a +0 arbalest.
The yaktaur shoots a bolt.
The bolt hits you!!
Okay, then.
The yaktaur shoots a bolt.
The bolt hits you!!
You die...

.....# #..
#.#..# ..####
#..# #####.#
..# #..# . #.#
### #..##Z #.#
# #..#.# #.#
##c#..#.## #.#
........ #)#
##.#..#.#####)#
.....o...).@))#
......)c)....)#
##.#..#.#######
........
#.#..#.# #
#..#.# #. ##.
#. .


You could see a yaktaur (combustible) and an orc.

Vanquished Creatures
  4 boulder beetles
  An ogre mage (D:13)
  A centaur warrior (D:13)
  Erolcha (D:11)
  5 two-headed ogres
  Sonja (D:10)
  The ghost of kalagan the Magician, a novice DECj of Sif Muna (D:7)
  A deep elf pyromancer (D:7)
  3 wolf spiders (D:12)
  A cyclops (D:11)
  5 manticores
  3 black mambas (D:12)
  A gargoyle (D:12)
  2 centaur skeletons (D:13)
  An unseen horror (D:11)
  Maggie (D:8)
  A yaktaur (D:13)
  2 kobold demonologists
  2 trolls
  A tengu conjurer (D:13)
  2 hornets
  A shadow (D:7)
  A vampire (D:10)
  3 wraiths
  A wyvern (D:10)
  12 vampire mosquitoes
  8 yaks
  5 redbacks (D:12)
  4 water moccasins
  An acid dragon (D:13)
  2 black bears
  2 sky beasts
  An ice beast (D:5)
  8 orc warriors
  7 ogres
  8 centaurs
  2 phantoms
  8 kobold brigands
  3 necrophages
  A gnoll sergeant (D:6)
  4 bullfrogs
  4 scorpions
  9 wights
  10 killer bees
  6 howler monkeys
  5 hounds
  Crazy Yiuf (D:7)
  9 orc priests
  Ijyb (D:3)
  Natasha (thrice) (D:4)
  3 iguanas
  16 orc wizards
  14 gnolls
  11 adders
  4 river rats (D:6)
  2 shadow imps
  A white imp (D:8)
  2 ufetubi
  A worm (D:2)
  2 dart slugs
  39 orcs
  14 ball pythons
  6 bats
  8 endoplasms
  14 giant cockroaches
  13 goblins
  13 hobgoblins
  4 jackals (D:1)
  6 quokkas
  8 frilled lizards
  16 kobolds
  8 rats
375 creatures vanquished.

Vanquished Creatures (others)
  Sigmund (D:5)
  A kobold brigand (D:7)
  An orc (D:4)
  801 foxfires
  2 fungi (D:7)
  5 plants
811 creatures vanquished.

Grand Total: 1186 creatures vanquished

Notes
Turn   | Place    | Note
-------+----------+-------------------------------------------
     0 | D:1      | Anriel the Demigod Fire Elementalist began the quest for
                  | the Orb.
     0 | D:1      | Reached XP level 1. HP: 14/14 MP: 5/5
    42 | D:1      | Reached skill level 1 in Conjurations
   124 | D:1      | Reached skill level 2 in Dodging
   498 | D:1      | Reached XP level 2. HP: 19/20 MP: 5/7
   535 | D:1      | Identified the +0 ring mail of Kehomups {-Tele rPois rN+
                  | Will+}
  1100 | D:1      | Identified a scroll of acquirement
  1100 | D:1      | Acquired a ring of magical power
  1275 | D:2      | Reached XP level 3. HP: 23/26 MP: 9/9
  1278 | D:2      | Learned a level 2 spell: Scorch
  1282 | D:2      | Learned a level 3 spell: Conjure Flame
  2329 | D:3      | Reached XP level 4. HP: 11/33 MP: 10/10
  2487 | D:3      | Noticed Ijyb
  2517 | D:3      | Killed Ijyb
  2605 | D:3      | Reached skill level 3 in Dodging
  3166 | D:4      | Noticed a phantom
  3186 | D:4      | Killed a phantom
  3187 | D:4      | Reached XP level 5. HP: 38/38 MP: 12/12
  3191 | D:4      | Learned a level 3 spell: Inner Flame
  3242 | D:4      | Noticed an ogre
  3265 | D:4      | Killed an ogre
  3307 | D:4      | Reached XP level 6. HP: 42/45 MP: 14/14
  3352 | D:4      | Noticed Natasha
  3373 | D:4      | Killed Natasha
  3374 | D:4      | Reached skill level 4 in Dodging
  3425 | D:4      | Noticed Natasha
  3436 | D:4      | Killed Natasha
  3542 | D:4      | Noticed Natasha
  3545 | D:4      | Reached XP level 7. HP: 47/50 MP: 16/16
  3581 | D:4      | Killed Natasha
  3681 | D:4      | Learned a level 4 spell: Flame Wave
  3921 | D:5      | Entered Level 5 of the Dungeon
  3949 | D:5      | Reached skill level 5 in Dodging
  3950 | D:5      | Noticed Sigmund
  4408 | D:5      | Reached skill level 5 in Spellcasting
  4408 | D:5      | Reached XP level 8. HP: 57/57 MP: 19/19
  4593 | D:5      | Killed Sigmund
  4594 | D:5      | Reached skill level 1 in Short Blades
  5426 | D:6      | Reached skill level 5 in Fire Magic
  5723 | D:6      | Found a glowing drain.
  5765 | Sewer    | Entered a sewer
  6197 | D:6      | Reached XP level 9. HP: 58/62 MP: 22/22
  6667 | D:6      | Noticed a +0 hand axe
  6669 | D:6      | Noticed a +0 dagger
  7037 | D:7      | Noticed a boulder beetle
  7165 | D:7      | Reached skill level 5 in Conjurations
  7264 | D:7      | Identified the ring "Necuut" {rF++ rC- AC+4 Dex+3}
  7264 | D:7      | Noticed a deep elf pyromancer
  7314 | D:7      | HP: 3/62 [burnt (3)]
  7363 | D:7      | Identified the +1 helmet of Taaqin Ponoi {rC+}
  7404 | D:7      | Found a runed translucent door.
  7407 | D:7      | Noticed Crazy Yiuf
  7425 | D:7      | Killed Crazy Yiuf
  7465 | D:7      | Found a staircase to the Ecumenical Temple.
  7470 | Temple   | Entered the Ecumenical Temple
  7637 | D:7      | Reached skill level 5 in Short Blades
  8304 | D:7      | Found a runed translucent gate.
  8304 | D:7      | Found a runed translucent gate.
  8305 | D:7      | Noticed a kobold demonologist
  8305 | D:7      | Noticed kalagan's ghost (novice DECj)
  8306 | D:7      | Found a runed translucent gate.
  8885 | D:8      | Noticed Maggie
  8898 | D:8      | Killed Maggie
  8899 | D:8      | Reached skill level 6 in Dodging
  9201 | D:8      | Found Caraf's Commerce Corner.
  9250 | D:8      | Noticed a boulder beetle
  9268 | D:8      | Killed a boulder beetle
  9269 | D:8      | Reached XP level 10. HP: 42/69 MP: 10/25
  9391 | D:8      | Noticed a manticore
  9395 | D:8      | Killed a manticore
  9960 | D:9      | Noticed a two-headed ogre
  9966 | D:9      | Killed a two-headed ogre
  9967 | D:9      | Reached skill level 7 in Dodging
 10022 | D:9      | You fall into a shaft and drop 1 floor!
 10022 | D:10     | Entered Level 10 of the Dungeon
 10326 | D:9      | Noticed a profane servitor
 10341 | D:9      | Noticed an angel
 10815 | D:9      | Learned a level 6 spell: Starburst
 11072 | D:10     | Found a portal to a secret trove of treasure.
 11259 | D:10     | Noticed Sonja
 11275 | D:10     | Killed Sonja
 11630 | D:8      | Bought a potion of curing for 36 gold pieces
 11630 | D:8      | Bought a potion of cancellation for 96 gold pieces
 11695 | D:8      | Killed a boulder beetle
 11696 | D:8      | Reached skill level 8 in Dodging
 11696 | D:8      | Reached XP level 11. HP: 20/74 MP: 6/28
 11871 | D:7      | Killed a deep elf pyromancer
 12005 | D:7      | Killed kalagan's ghost
 12191 | D:11     | Found a staircase to the Lair.
 12342 | D:11     | Noticed a two-headed ogre
 12476 | D:11     | Killed a two-headed ogre
 12528 | D:11     | Noticed a boulder beetle
 12557 | D:11     | Killed a boulder beetle
 12690 | D:11     | Noticed a boulder beetle
 12710 | D:11     | Killed a boulder beetle
 12711 | D:11     | Reached skill level 9 in Dodging
 12719 | D:11     | Noticed Erolcha
 12811 | D:11     | Killed Erolcha
 13414 | D:12     | Reached skill level 10 in Spellcasting
 13416 | D:12     | Noticed a two-headed ogre
 13543 | D:12     | Killed a two-headed ogre
 13968 | D:12     | Reached XP level 12. HP: 64/81 MP: 23/30
 13980 | D:12     | Found a runed translucent door.
 13999 | D:12     | Found a staircase to the Orcish Mines.
 14030 | D:12     | Found a runed translucent gate.
 14030 | D:12     | Found a runed translucent gate.
 14039 | D:12     | Found a runed translucent gate.
 14047 | D:12     | Found a runed translucent door.
 14053 | D:12     | Found the +9 staff of Olgreb {rPois∞}
 14111 | D:12     | Reached skill level 10 in Dodging
 14400 | D:12     | Noticed a two-headed ogre
 14420 | D:12     | Killed a two-headed ogre
 14993 | D:13     | Noticed a two-headed ogre
 14999 | D:13     | Killed a two-headed ogre
 15007 | D:13     | Noticed an ogre mage
 15008 | D:13     | Reached skill level 11 in Dodging
 15020 | D:13     | Noticed a centaur warrior
 15021 | D:13     | Killed an ogre mage
 15024 | D:13     | Killed a centaur warrior
 15025 | D:13     | Reached skill level 10 in Fire Magic
 15084 | D:13     | Shot with a bolt by a yaktaur

Illustrated notes

Levels and vault maps discovered:
D:1:      dpeg_chamrin_arrival_tetris, layout_loops_ring,
          shapermc_ecumenical_altar_notcrosses, dk_noncrumbling_2,
          nicolae_titane
D:2:      minmay_wonky_spiral, layout_basic
D:3:      layout_loops_ring, chequers_serial_rivers_small_b, uniq_ijyb
D:4:      layout_rooms, feat_on_display, uniq_natasha
D:5:      corexii_shantytown, layout_loops_corners, grunt_ministairs_4,
          uniq_sigmund
D:6:      layout_basic, dancing_weapons_uskayaw, portal_sewer_entry_a,
          grunt_ministairs_1
D:7:      minmay_the_grid_square_5x5_3x3 [minmay_the_grid_square_5x5_inner_z,
          minmay_the_grid_square_5x5_percent, minmay_the_grid_square_5x5_spiral,
          minmay_the_grid_square_5x5_plus,
          minmay_the_grid_square_5x5_megaprize_diamond,
          minmay_the_grid_square_5x5_dogpile,
          minmay_the_grid_square_5x5_minibox, minmay_the_grid_square_5x5_fat_x,
          minmay_the_grid_square_5x5_c], layout_loops_ring,
          minmay_temple_entry_trees, gammafunk_ghost_nasty_kobolds,
          grunt_decor_clamped, uniq_crazy_yiuf_cottage
D:8:      layout_basic, nicolae_dithmenos_through_a_glass_darkly,
          gammafunk_temple_overflow_elements, gammafunk_temple_overflow_pools,
          kennysheep_big_empty_room, eino_small_chamber_without_monster,
          nicolae_alphabet_shops, minmay_liquid_box, kennysheep_minor_cross,
          uniq_maggie
D:9:      layout_big_octagon, grunt_temple_overflow_holy_war,
          overflow_temple_1_default, gammafunk_temple_overflow_statue
D:10:     layout_small_grid, enter_trove_0, uniq_sonja
D:11:     layout_grid_maze, lair_entry_dummy, uniq_erolcha
D:12:     layout_long_grid, david_orc_4, minmay_guarded_unrand_staff_of_olgreb
D:13:     layout_roguey, hangedman_vaults_entry_quadrant_bands
Temple:   nicolae_temple_ecumenical_triangle

Skill      XL: |  1  2  3  4  5  6  7  8  9 10 11 12 |
---------------+-------------------------------------+-----
Conjurations   | 1 2 3 4 5 6 7 8 |  8.6
Dodging        | 2 3 4 5 6 8 9 11 | 11.2
Spellcasting   | 2 3 4 5 6 7 8 10 | 10.0
Fire Magic     | 3 4 5 6 7 8 10 | 10.0
Short Blades   | 3 5 |  5.0
Stealth        | |  1.7

Action                   |  1- 3 |  4- 6 |  7- 9 | 10-12 || total
-------------------------+-------+-------+-------+-------++-------
Melee: Rapier            |    67 |    22 |   108 |    13 ||   210
       Punch             |       |       |     5 |       ||     5
       Staff             |       |       |       |     2 ||     2
 Cast: Foxfire           |    55 |    48 |   267 |    97 ||   467
       Scorch            |       |    15 |    79 |   106 ||   200
       Conjure Flame     |       |     1 |    33 |     8 ||    42
       Flame Wave        |       |       |     9 |    52 ||    61
       Starburst         |       |       |       |     8 ||     8
Evoke: Wand              |       |       |     4 |     1 ||     5
  Use: Scroll            |     6 |     3 |    21 |     9 ||    39
       Potion            |       |     1 |    10 |     7 ||    18
 Stab: Sleeping          |    10 |     3 |     2 |     1 ||    16
Armor: Robe              |    19 |    15 |    87 |    35 ||   156
       Steam dragon scal |       |       |     2 |    34 ||    36
Dodge: Dodged            |    48 |    24 |   245 |   193 ||   510
